 Dungeon Crawl Stone Soup version 0.30.0-29-ga12c61a403 (webtiles) character file.

Game seed: 6957366180761887889

8899 LustLizard the Zephyrmancer (level 11, -3/64 HPs)
             Began as a Deep Elf Air Elementalist on June 24, 2023.
             Was an Elder of Vehumet.
             Killed from afar by a lindwurm (glowing shapeshifter) (23 damage)
             ... with a blast of flame
             ... on level 11 of the Dungeon.
             The game lasted 00:22:41 (14262 turns).

LustLizard the Zephyrmancer (DEAE)                 Turns: 14262, Time: 00:22:42

Health: -3/64      AC:  7    Str:  7    XL:     11   Next: 16%
Magic:  1/26       EV: 15    Int: 23    God:    Vehumet [****..]
Gold:   491        SH:  5    Dex: 15    Spells: 11/29 levels left

rFire   . . .        c - +2 short sword (freeze)
rCold   + . .        (no shield)
rNeg    . . .        E - +0 robe {rC+}
rPois   .            q - +2 hat
rElec   .            A - +0 cloak
rCorr   .            u - +1 pair of gloves
SInv    .            (no boots)
Will    +....        B - amulet of reflection
Stlth   +++          (no ring)
HPRegen 0.30/turn    (no ring)
MPRegen 0.20/turn

%: reflection
@: on berserk cooldown
A: no striking features
a: Renounce Religion


You were on level 11 of the Dungeon.
You worshipped Vehumet.
Vehumet was greatly pleased with you.
You visited 2 branches of the dungeon, and saw 12 of its levels.

You collected 715 gold pieces.
You spent 224 gold pieces at shops.

Inventory:

Hand Weapons
 c - a +2 short sword of freezing (weapon)
 f - a +2 short sword of holy wrath
 s - a +2 quarterstaff of draining
Armour
 q - a +2 hat (worn)
 u - a +1 pair of gloves (worn)
 v - a +1 helmet
 A - a +0 cloak (worn)
 E - a +0 robe of cold resistance (worn)
Jewellery
 B - an amulet of reflection (around neck)
Wands
 y - a wand of roots (3)
 H - a wand of paralysis (7)
Scrolls
 d - a scroll of noise
 e - 2 scrolls of vulnerability {unknown}
 k - 4 scrolls of enchant weapon
 n - 2 scrolls of enchant armour
 o - 2 scrolls of fear
 p - 4 scrolls of fog
 r - a scroll of torment {unknown}
 t - a scroll of brand weapon {unknown}
 C - a scroll of immolation {unknown}
 D - a scroll of teleportation {unknown}
 F - a scroll of amnesia {unknown}
 G - a scroll of butterflies {unknown}
 K - a scroll of identify
Potions
 a - a potion of invisibility
 b - a potion of magic
 g - 4 potions of brilliance
 h - 4 potions of curing
 i - 2 potions of resistance
 j - 4 potions of flight
 l - 2 potions of berserk rage {unknown}
 m - 3 potions of mutation
 w - 2 potions of might
 x - 3 potions of cancellation
 z - a potion of attraction {unknown}
 I - 2 potions of haste {unknown}
 J - a potion of ambrosia {unknown}
 L - a potion of lignification {unknown}


   Skills:
 + Level 5.6 Fighting
 + Level 6.2 Dodging
 - Level 4.0 Stealth
 + Level 9.6 Spellcasting
 - Level 4.3 Conjurations
 + Level 6.0 Summonings
 + Level 6.0 Translocations
 * Level 10.5 Air Magic


You had 11 spell levels left.
You knew the following spells:

 Your Spells              Type           Power      Damage    Failure   Level
a - Shock                 Conj/Air       100%       1d9       1%          1
b - Static Discharge      Conj/Air       90%        2-6/arc   1%          2
c - Swiftness             Air            56%        N/A       1%          3
d - Airstrike             Air            28%        2d(4-20)  1%          4
e - Foxfire               Conj/Fire      84%        2x1d8     1%          1
f - Summon Forest         Summ/Tloc      19%        N/A       14%         5
g - Poisonous Vapours     Pois/Air       70%        N/A       1%          2

Your spell library contained the following spells:

 Spells                   Type           Power      Damage    Failure   Level
 Kiss of Death            Conj/Necr      84%        2d11      1%          1
 Magic Dart               Conj           100%       1d8       1%          1
 Momentum Strike          Conj/Tloc      70%        3d9       1%          2
 Searing Ray              Conj           62%        2d6       1%          2
 Iskenderun's Mystic Bla  Conj/Tloc      35%        2d8       1%          4
 Portal Projectile        Hex/Tloc       50%        N/A       4%          3
 Inner Flame              Hex/Fire       11%        N/A       5%          3
 Flame Wave               Conj/Fire      21%        2d8       7%          4
 Fulminant Prism          Conj/Hex       10%        3d8       7%          4
 Sticky Flame             Conj/Fire      21%        2d4       7%          4
 Summon Ice Beast         Ice/Summ       25%        N/A       17%         4
 Confusing Touch          Hex            11%        N/A       19%         3
 Tukima's Dance           Hex            11%        N/A       19%         3
 Lee's Rapid Deconstruct  Erth           5%         3d6*      38%         5
 Summon Mana Viper        Hex/Summ       25%        N/A       43%         5
 Dispel Undead            Necr           11%        3d9       52%         4
 Leda's Liquefaction      Hex/Erth       5%         N/A       52%         4
 Summon Cactus Giant      Summ           19%        N/A       58%         6
 Blade Hands              Tmut           5%         N/A       86%         5
 Malign Gateway           Summ/Tloc      19%        N/A       99%         7
 Simulacrum               Ice/Necr       5%         N/A       100%        6
 Statue Form              Tmut/Erth      7%         N/A       100%        6


Dungeon Overview and Level Annotations

Branches:
Dungeon (11/15)            Temple (1/1) D:4            Lair (0/5) D:9
    Orc: D:9-12

Altars:
Ashenzari
Elyvilon
Fedhas
Gozag
Hepliaklqana
Nemelex Xobeh
Okawaru
Qazlal
Vehumet
The Shining One

Shops:
D:5 *


Message History

Casting: Airstrike (safe; 1% risk of failure)
Confirm with . or Enter, or press ? or * to list all spells.
Okay, then.
You hit the swamp dragon. You freeze the swamp dragon.
The swamp dragon is heavily wounded.
You feel yourself speed up.
The swamp dragon changes into a redback!
You miss the redback.
The redback is lightly wounded.
The redback closely misses you.
Casting: Airstrike (safe; 1% risk of failure)
Confirm with . or Enter, or press ? or * to list all spells.
Aiming: Airstrike (safe; 1% risk of failure)
Press: ? - help, Dir - move target, f/p - redback
Aim: a redback shaped shifter (lightly wounded, empty space bonus: 5/8)
The air twists around and strikes the redback!!
The redback is severely wounded.
The redback bites you.
* * * LOW HITPOINT WARNING * * *
You are lethally poisoned!
The redback poisons you! The redback barely misses you.
You feel better.
The redback changes into a moth of wrath!
As you read the scroll labelled OBBYTEOLANN, it crumbles to dust.
You hear a loud clanging noise!
It was a scroll of noise.
You hear a shout! x5
The moth of wrath changes into a tarantella!
As you read the scroll labelled XAGAOTHRO QAUB, it crumbles to dust.
It is a scroll of enchant weapon.
Your +1 short sword of freezing glows red for a moment.
You block the tarantella's attack.
As you read the scroll labelled KETHYSK GYRERCH, it crumbles to dust.
You assume a fearsome visage.
The tarantella looks frightened!
It was a scroll of fear.
The tarantella changes into a lindwurm!
The lindwurm breathes flames at you. The blast of flame misses you.
The lindwurm breathes flames at you. The blast of flame hits you!!
You die...

..#.......###.........[...###
##.........#................#
..........##.............##...
.###......#.........(....#. .
..##......#.................
..............y....<.........
..............##.............
.............####............
............##..@............
.#..###.....##k.............
##...#.....................
##.<...#...#.#..†..........
...)####..######...#.......
.....##.... #..##....
....)...## ...# ... ......###
.... ## ...)..# ...


You could see a lindwurm shaped shifter (catching breath).

Vanquished Creatures
  A two-headed ogre (D:9)
  An obsidian statue (D:10)
  An orange crystal statue (D:10)
  A komodo dragon (D:7)
  A rime drake (D:9)
  A troll (D:11)
  A polar bear (D:9)
  Sigmund (D:6)
  A wraith (D:11)
  3 shadows
  A vampire (D:11)
  Menkaure (D:6)
  2 steam dragons
  3 vampire mosquitoes (D:11)
  Edmund (D:4)
  An acid dragon (D:10)
  A water moccasin (D:6)
  6 orc warriors
  A sky beast (D:7)
  A black bear (D:5)
  2 ice beasts
  2 wolves (D:9)
  An ogre (D:6)
  2 centaurs
  3 phantoms
  6 kobold brigands
  3 necrophages (D:4)
  5 bullfrogs
  2 gnoll sergeants
  2 scorpions (D:5)
  7 killer bees
  3 howler monkeys
  A centaur zombie (D:4)
  A quasit (D:4)
  A hound (D:5)
  11 orc priests
  Crazy Yiuf (D:6)
  A gnoll bouda (D:10)
  An iguana (D:6)
  2 sleepcaps
  11 orc wizards
  2 hound zombies (D:4)
  20 gnolls
  8 adders
  4 shadow imps
  2 white imps
  3 ufetubi
  2 worms (D:2)
  4 dart slugs
  31 orcs
  15 bats
  7 endoplasms
  3 giant cockroaches
  13 goblins
  6 hobgoblins
  4 jackals (D:4)
  32 kobolds
  5 quokkas
  6 ball pythons
  4 frilled lizards
  2 goblin skeletons (D:5)
  5 hobgoblin zombies (D:5)
  A kobold skeleton (D:5)
  2 kobold zombies (D:5)
  An orc zombie (D:5)
  11 rats
291 creatures vanquished.

Notes
Turn   | Place    | Note
-------+----------+-------------------------------------------
     0 | D:1      | LustLizard the Deep Elf Air Elementalist began the quest
                  | for the Orb.
     0 | D:1      | Reached XP level 1. HP: 10/10 MP: 6/6
   198 | D:1      | Reached XP level 2. HP: 15/15 MP: 5/8
   712 | D:1      | Reached XP level 3. HP: 20/20 MP: 1/9
  1202 | D:2      | Reached XP level 4. HP: 24/24 MP: 5/11
  1259 | D:2      | Learned a level 2 spell: Static Discharge
  1263 | D:2      | Learned a level 3 spell: Swiftness
  1311 | D:2      | Reached skill level 1 in Fighting
  1363 | D:2      | Reached skill level 4 in Air Magic
  1455 | D:2      | Reached XP level 5. HP: 29/29 MP: 9/12
  1898 | D:2      | Found a sparkling altar of Nemelex Xobeh.
  2366 | D:3      | Noticed a phantom
  2498 | D:3      | Found a sparkling altar of Nemelex Xobeh.
  2547 | D:3      | Killed a phantom
  2715 | D:3      | Reached XP level 6. HP: 24/35 MP: 8/14
  3025 | D:3      | Found a hazy altar of Hepliaklqana.
  3340 | D:4      | Found a staircase to the Ecumenical Temple.
  3469 | Temple   | Entered the Ecumenical Temple
  3492 | Temple   | Became a worshipper of Vehumet
  3553 | D:4      | Reached skill level 5 in Air Magic
  3555 | D:4      | Noticed Edmund
  3706 | D:4      | Learned a level 4 spell: Airstrike
  3720 | D:4      | Killed Edmund
  3986 | D:4      | Reached skill level 5 in Spellcasting
  3986 | D:4      | Reached XP level 7. HP: 40/40 MP: 6/16
  4264 | D:4      | Found a blossoming altar of Fedhas.
  4726 | D:4      | Reached skill level 6 in Air Magic
  4905 | D:5      | Entered Level 5 of the Dungeon
  5175 | D:4      | Reached XP level 8. HP: 46/46 MP: 11/18
  5235 | D:5      | Reached * piety under Vehumet
  5235 | D:5      | Offered knowledge of Foxfire by Vehumet.
  5238 | D:5      | Learned a level 1 spell: Foxfire
  5244 | D:5      | Learned a level 5 spell: Summon Forest
  5472 | D:5      | Found Ucaorph's General Store.
  5494 | D:5      | Reached skill level 1 in Translocations
  5507 | D:5      | Reached skill level 1 in Summonings
  5750 | D:5      | Bought the Dissertation on Crystallized Intoxication for
                  | 224 gold pieces
  5753 | D:5      | Learned a level 2 spell: Poisonous Vapours
  5881 | D:5      | Found a glowing golden altar of the Shining One.
  5959 | D:5      | Reached skill level 7 in Air Magic
  6533 | D:6      | Noticed Menkaure
  6535 | D:6      | Killed Menkaure
  6623 | D:6      | Noticed Sigmund
  6630 | D:6      | Killed Sigmund
  6823 | D:6      | Reached XP level 9. HP: 52/52 MP: 5/21
  6967 | D:6      | Reached ** piety under Vehumet
  6968 | D:6      | Reached skill level 8 in Air Magic
  7445 | D:6      | Offered knowledge of Sandblast by Vehumet.
  7613 | D:6      | Found a runed translucent door.
  7614 | D:6      | Noticed Crazy Yiuf
  7747 | D:6      | Killed Crazy Yiuf
  8360 | D:7      | Noticed a komodo dragon
  8768 | D:7      | Killed a komodo dragon
  9579 | D:8      | You fall into a shaft and drop 1 floor!
  9856 | D:8      | Reached skill level 9 in Air Magic
 10034 | D:8      | Offered knowledge of Stone Arrow by Vehumet.
 10097 | D:8      | Reached XP level 10. HP: 58/58 MP: 18/24
 10551 | D:8      | Reached *** piety under Vehumet
 10818 | D:9      | Noticed a two-headed ogre
 10853 | D:9      | Killed a two-headed ogre
 11005 | D:9      | Reached skill level 5 in Fighting
 11005 | D:9      | Reached skill level 5 in Dodging
 11005 | D:9      | Reached skill level 5 in Translocations
 11225 | D:9      | Offered knowledge of Hailstorm by Vehumet.
 11229 | D:9      | Reached skill level 5 in Summonings
 11522 | D:9      | Found a staircase to the Lair.
 11964 | D:10     | Entered Level 10 of the Dungeon
 12010 | D:10     | Reached skill level 10 in Air Magic
 12128 | D:10     | Found a large runed translucent door.
 12128 | D:10     | Found a large runed translucent door.
 12228 | D:10     | Reached **** piety under Vehumet
 12285 | D:10     | Got Upsyabie's Lessons on Translocational Algor
 12389 | D:10     | Noticed an obsidian statue
 12394 | D:10     | Killed an obsidian statue
 12515 | D:10     | Noticed an orange crystal statue
 12668 | D:10     | Noticed a two-headed ogre
 12668 | D:10     | Killed an orange crystal statue
 13461 | D:10     | Offered knowledge of Fulminant Prism by Vehumet.
 13543 | D:10     | Reached XP level 11. HP: 64/64 MP: 13/26
 13613 | D:10     | Found an iron altar of Okawaru.
 13621 | D:10     | Found a stormy altar of Qazlal.
 13982 | D:11     | a dream sheep changed into a deep troll
 13982 | D:11     | Noticed a deep troll (glowing shapeshifter)
 13985 | D:11     | a deep troll changed into a swamp worm
 13992 | D:11     | a swamp worm changed into a glowing shapeshifter
 13992 | D:11     | Noticed a glowing shapeshifter (glowing shapeshifter)
 13993 | D:11     | a glowing shapeshifter changed into a sea snake
 13993 | D:11     | Noticed a sea snake (glowing shapeshifter)
 13996 | D:11     | a sea snake changed into a deep troll
 13996 | D:11     | Noticed a deep troll (glowing shapeshifter)
 14003 | D:11     | a deep troll changed into a mana viper
 14003 | D:11     | Noticed a mana viper (glowing shapeshifter)
 14005 | D:11     | a mana viper changed into a moth of wrath
 14020 | D:11     | Noticed a harpy
 14023 | D:11     | a harpy changed into a black bear
 14224 | D:11     | Noticed a mana viper
 14225 | D:11     | a mana viper changed into a moth of wrath
 14252 | D:11     | HP: 3/64 [torpor snail (glowing shapeshifter) (11)]
 14253 | D:11     | a torpor snail changed into a swamp dragon
 14253 | D:11     | Noticed a swamp dragon (glowing shapeshifter)
 14254 | D:11     | a swamp dragon changed into a redback
 14260 | D:11     | a tarantella changed into a lindwurm
 14260 | D:11     | Noticed a lindwurm (glowing shapeshifter)
 14262 | D:11     | Killed from afar by a lindwurm (glowing shapeshifter)

Illustrated notes

Levels and vault maps discovered:
D:1:      enne_arrival_octagon_isle, layout_basic, minmay_pentomino_o2
D:2:      layout_loops_ring, basic_altar
D:3:      layout_rooms, mainiacjoe_overflow_cross_hatched,
          nemelex_dance_club_becter
D:4:      layout_cave_pools, fedhas_altar_decomposition,
          minmay_temple_entry_overgrown, serial_demonic, serial_demonic_f,
          serial_demonic_c, serial_demonic_d, serial_demonic_c,
          serial_bayou_lagoon_a, uniq_edmund
D:5:      layout_rooms, nicolae_tso_besieged_by_evil, serial_shops,
          nicolae_shop_waterfront, kennysheep_generic_room_3
D:6:      layout_basic, uniq_sigmund, uniq_menkaure, uniq_crazy_yiuf_cottage
D:7:      layout_basic
D:8:      layout_basic
D:9:      layout_irregular_city, hellmonk_lair_entry_icy
D:10:     minmay_separated_statues, layout_irregular_city,
          jmf_multi_god_temple2, minmay_crystal_room
D:11:     layout_cave_pools, orc_0_dummy, kennysheep_just_a_vault
Temple:   regret_index_temple_sphere_string

Skill      XL: |  1  2  3  4  5  6  7  8  9 10 11 |
---------------+----------------------------------+-----
Stealth        | 3 4 |  4.0
Conjurations   | 2 3 4 |  4.3
Fighting       | 1 2 3 4 5 |  5.6
Air Magic      | 4 5 6 7 9 10 | 10.5
Spellcasting   | 4 5 7 8 9 |  9.6
Translocations | 2 4 5 6 |  6.0
Summonings     | 2 4 5 6 |  6.0
Dodging        | 4 6 |  6.2

Action                     |  1- 3 |  4- 6 |  7- 9 | 10-12 || total
---------------------------+-------+-------+-------+-------++-------
  Melee: Short sword       |     4 |     8 |    64 |    53 ||   129
         Punch             |       |     1 |     1 |     1 ||     3
   Cast: Shock             |    65 |   165 |   240 |   110 ||   580
         Static Discharge  |       |     7 |    14 |     1 ||    22
         Airstrike         |       |     4 |    72 |   104 ||   180
         Swiftness         |       |     1 |       |       ||     1
  Evoke: Wand              |       |       |     1 |       ||     1
    Use: Scroll            |       |     3 |     7 |     4 ||    14
         Potion            |       |       |     3 |     2 ||     5
 Armour: Robe              |       |     6 |    25 |    39 ||    70
  Dodge: Dodged            |     5 |    11 |    64 |    82 ||   162
  Block: Other             |       |       |    10 |    36 ||    46
         Reflection        |       |       |     2 |     5 ||     7
